 Dungeon Crawl Stone Soup version 0.29-a0-422-gafbd6decc1 (webtiles) character file.

Game seed: 1974775422667257811

9836 avis the Carver (level 11, -8/105 HPs)
             Began as a Hill Orc Monk on May 18, 2022.
             Was a High Priest of Beogh.
             Mangled by an eight-headed hydra (9 damage)
             ... on level 1 of the Lair of Beasts on May 19, 2022.
             The game lasted 01:11:37 (12007 turns).

avis the Carver (Hill Orc Monk)                    Turns: 12007, Time: 01:11:37

Health: -8/105     AC:  9    Str: 19      XL:     11   Next: 52%
Magic:  0/14       EV: 15    Int:  8 (10) God:    Beogh [*****.]
Gold:   597        SH:  5    Dex: 13      Spells: 10/10 levels left

rFire   + . .      SeeInvis .   w - +4 flail (freeze)
rCold   . . .      Faith    .   B - +0 buckler
rNeg    . . .      Spirit   +   O - +2 ring mail {Will+}
rPois   .          Reflect  .   s - +0 helmet
rElec   .          Harm     .   v - +0 cloak
rCorr   .          Rampage  .   (no gloves)
Will    +....                   (no boots)
Stlth   +.........              e - amulet of guardian spirit
HPRegen 0.27/turn               i - +4 ring of slaying
MPRegen 0.14/turn               C - ring "Hilonu" {rF+ EV+4}

@: no status effects
A: walk on water
a: Renounce Religion, Smiting, Recall Orcish Followers, Give Item to Named
Follower


You were on level 1 of the Lair of Beasts.
You worshipped Beogh.
Beogh was extremely pleased with you.
You visited 3 branches of the dungeon, and saw 11 of its levels.
You also visited: Sewer.

You collected 597 gold pieces.

Inventory:

Hand Weapons
 a - the +7 Throatcutter {drain, coup de grace}
   (You took it off Terence on level 2 of the Dungeon)

   A truly terrible weapon, it drains the life of any living foe it strikes.
   It may instantly kill foes which have little health.
 b - a +1 scimitar of protection
 w - a +4 flail of freezing (weapon)
Missiles
 d - 22 poisoned darts (quivered)
 o - a throwing net
 u - 9 boomerangs
 x - 4 javelins
Armour
 c - a +0 chain mail
 s - a +0 helmet (worn)
 v - a +0 cloak (worn)
 B - a +0 buckler (worn)
 O - a +2 ring mail of willpower (worn)
Jewellery
 e - an amulet of guardian spirit (around neck)
 i - a +4 ring of slaying (left hand)
 C - the ring "Hilonu" (right hand) {rF+ EV+4}
   (You found it on level 9 of the Dungeon)

   [ring of evasion]

   EV:        It affects your evasion (+4).
   rF:        It protects you from fire.
Wands
 m - a wand of iceblast (7)
 D - a wand of flame (50)
 J - a wand of acid (6)
 R - a wand of charming (7)
 W - a wand of mindburst (4)
Scrolls
 h - 6 scrolls of teleportation
 n - 5 scrolls of fear {unknown}
 p - 2 scrolls of amnesia {unknown}
 q - 4 scrolls of enchant weapon {unknown}
 t - 3 scrolls of fog {unknown}
 y - 2 scrolls of summoning {unknown}
 E - 2 scrolls of poison {unknown}
Potions
 f - 4 potions of curing
 g - 2 potions of heal wounds
 k - 3 potions of haste
 r - 2 potions of brilliance
 z - 5 potions of flight
 A - a potion of might
 F - 2 potions of lignification
 I - a potion of berserk rage {unknown}
 P - a potion of cancellation


   Skills:
 + Level 12.3 Fighting
 - Level 14.0 Long Blades
 - Level 5.4 Axes
 * Level 2.6 Armour
 - Level 3.0 Dodging
 - Level 1.5 Stealth
 - Level 4.0 Shields
 - Level 5.0 Invocations


You had 10 spell levels left.
You didn't know any spells.
Your spell library contained the following spells:

 Spells                   Type           Power      Damage    Failure   Level
 Freeze                   Ice            0%         1d3       67%         1
 Pain                     Necr           0%         1d4       67%         1
 Sandblast                Erth           0%         2d4       67%         1
 Slow                     Hex            0%         N/A       67%         1
 Passwall                 Tmut/Erth      0%         N/A       82%         2
 Scorch                   Fire           0%         2d5       82%         2
 Confusing Touch          Hex            0%         N/A       96%         3
 Frozen Ramparts          Ice            0%         1d2       96%         3
 Stone Arrow              Conj/Erth      0%         3d7       96%         3
 Tukima's Dance           Hex            0%         N/A       96%         3
 Vampiric Draining        Necr           0%         2d6       96%         3
 Anguish                  Hex/Necr       0%         N/A       100%        4
 Animate Dead             Necr           0%         N/A       100%        4
 Flame Wave               Conj/Fire      0%         2d4       100%        4
 Hailstorm                Conj/Ice       0%         3d3       100%        4
 Passage of Golubria      Tloc           0%         N/A       100%        4
 Agony                    Necr           0%         N/A       100%        5
 Excruciating Wounds      Necr           0%         N/A       100%        5
 Silence                  Hex/Air        0%         N/A       100%        5
 Dispersal                Tloc           0%         N/A       100%        6
 Summon Cactus Giant      Summ           0%         N/A       100%        6
 Enfeeble                 Hex            0%         N/A       100%        7
 Haunt                    Necr/Summ      0%         N/A       100%        7
 Disjunction              Tloc           0%         N/A       100%        8
 Infestation              Necr           0%         N/A       100%        8
 Lehudib's Crystal Spear  Conj/Erth      0%         10d2      100%        8


Dungeon Overview and Level Annotations

Branches:
Dungeon (9/15)             Temple (1/1) D:4            Lair (1/6) D:9
  Sewer (visited)
    Orc: D:9-12

Altars:
Qazlal
Vehumet

Shops:
D:7 ([[!*

Annotations:
D:5 exclusion: statue


Message History

The eight-headed hydra closely misses you. x2
You block the eight-headed hydra's attack.
The eight-headed hydra bites you. The eight-headed hydra bites you! x2
The yak bellows!
You thump the eight-headed hydra! You freeze the eight-headed hydra.
The eight-headed hydra is severely wounded.
Your orc warrior no longer looks unusually strong.
A yak comes into view.
The eight-headed hydra closely misses you.
The eight-headed hydra bites you! The eight-headed hydra misses you.
The eight-headed hydra barely misses you.
The eight-headed hydra bites you but does no damage.
The eight-headed hydra bites you. The eight-headed hydra bites you!
* * * LOW HITPOINT WARNING * * *
The eight-headed hydra bites you!
* * * LOW HITPOINT WARNING * * *
You sock the eight-headed hydra!
The eight-headed hydra seems to slow down.
You freeze the eight-headed hydra.
The eight-headed hydra is severely wounded.
Your orc knight roars a battlecry!
A yak comes into view.
Unknown command.
The yak bellows!
You hit the eight-headed hydra.
The eight-headed hydra seems to slow down.
You freeze the eight-headed hydra.
The eight-headed hydra is almost dead.
You block the eight-headed hydra's attack.
The eight-headed hydra bites you.
* * * LOW HITPOINT WARNING * * *
The eight-headed hydra bites you!
* * * LOW HITPOINT WARNING * * *
You block the eight-headed hydra's attack.
The eight-headed hydra bites you but does no damage.
The eight-headed hydra bites you!
* * * LOW HITPOINT WARNING * * *
The eight-headed hydra barely misses you.
The eight-headed hydra bites you!
You die...

######....# ###### #.#.##....#
#....## ##........# ### #.....#
#.......## ##.###.....#
##.......## . .
#...####...####.#...#...###....
##...## #...o##..........†....#
.#....####...#o.##..#.##.#....#
...............o@DY...#.......P#
............#..###.P#.#....#P###
.#.................P#......###
##.........#####....Y.........
......>....P# #..###..Y.....P.
...#P......###P.#. ####Y...###
..###...###.#... # ..Y.#
..###...#.....# ....#
...##.......## ..#..


You could see an eight-headed hydra (slow, ally target), 4 yaks, a friendly orc
knight and a friendly orc warrior (strong).

Vanquished Creatures
  A two-headed ogre (D:9)
  Pikel (D:7)
  An orange crystal statue (D:9)
  Maggie (D:7)
  A kobold demonologist (D:9)
  A komodo dragon (Lair:1)
  A polar bear (D:9)
  Grinder (D:3)
  A wyvern (Lair:1)
  15 yaks
  A steam dragon (D:7)
  Duvessa (D:5)
  2 water moccasins
  An orc warrior (D:9)
  An ice beast (D:6)
  A black bear (D:6)
  An ogre (D:5)
  2 phantoms (D:4)
  2 centaurs
  2 kobold brigands
  5 bullfrogs
  A gnoll sergeant (D:6)
  A necrophage (D:8)
  A scorpion (D:5)
  8 wights (D:8)
  A hornet simulacrum (D:9)
  Dowan (D:5)
  14 killer bees (D:8)
  4 electric eels
  A howler monkey (D:8)
  A lava snake (D:9)
  5 orc priests
  A jelly (D:7)
  Jessica (D:3)
  Terence (D:2)
  An iguana (D:4)
  4 orc wizards
  Robin (D:2)
  7 gnolls (D:6)
  14 adders
  10 river rats
  4 white imps
  2 howler monkey simulacra (D:9)
  4 ufetubi (D:9)
  4 worms
  A dart slug (D:1)
  7 orcs
  10 endoplasms
  8 giant cockroaches
  5 hobgoblins
  17 jackals
  8 quokkas
  5 ball pythons
  14 bats
  5 frilled lizards
  15 goblins
  7 kobolds
  7 rats
244 creatures vanquished.

Vanquished Creatures (collateral kills)
  A two-headed ogre (D:9)
  A cane toad (Lair:1)
  Psyche (D:9)
  A troll (D:8)
  A yak (D:8)
  A water moccasin (Lair:1)
  A black bear (Lair:1)
  A wight (D:8)
  2 electric eels
  An orc priest (D:9)
  An orc wizard (D:9)
  2 orcs
14 creatures vanquished.

Vanquished Creatures (others)
  2 lava snakes (D:9)
  An orc priest (D:2)
  10 orcs
  A plant (Lair:1)
14 creatures vanquished.

Grand Total: 272 creatures vanquished

Notes
Turn   | Place    | Note
-------+----------+-------------------------------------------
     0 | D:1      | avis the Hill Orc Monk began the quest for the Orb.
     0 | D:1      | Reached XP level 1. HP: 19/19 MP: 1/1
   360 | D:1      | Reached XP level 2. HP: 23/27 MP: 2/2
   858 | D:1      | Found a faded altar of an unknown god.
  1174 | D:2      | Became a worshipper of Beogh the Brigand
  1174 | D:2      | Reached * piety under Beogh
  1174 | D:2      | Reached ** piety under Beogh
  1221 | D:2      | Reached skill level 5 in Axes
  1221 | D:2      | Reached XP level 3. HP: 21/33 MP: 0/3
  1361 | D:2      | Noticed Terence
  1366 | D:2      | Killed Terence
  1367 | D:2      | Reached XP level 4. HP: 31/41 MP: 0/4
  1572 | D:2      | Reached skill level 1 in Long Blades
  1763 | D:2      | Reached XP level 5. HP: 47/47 MP: 5/5
  1786 | D:2      | Noticed Robin
  1791 | D:2      | Killed Robin
  1796 | D:2      | Reached skill level 2 in Long Blades
  2190 | D:3      | Noticed Jessica
  2196 | D:3      | Killed Jessica
  2197 | D:3      | Reached skill level 1 in Invocations
  2478 | D:3      | Noticed Grinder
  2478 | D:3      | Paralysed by Grinder for 3 turns
  2485 | D:3      | Killed Grinder
  2486 | D:3      | Reached skill level 5 in Fighting
  2486 | D:3      | Reached skill level 4 in Long Blades
  2486 | D:3      | Reached XP level 6. HP: 52/56 MP: 4/6
  2610 | D:3      | Reached *** piety under Beogh
  2888 | D:4      | Reached skill level 1 in Armour
  2888 | D:4      | Reached XP level 7. HP: 54/62 MP: 5/7
  2891 | D:4      | Reached skill level 5 in Long Blades
  3313 | D:4      | Found a stormy altar of Qazlal.
  3315 | D:4      | Noticed a water elemental
  3330 | D:4      | Found a staircase to the Ecumenical Temple.
  3343 | Temple   | Entered the Ecumenical Temple
  3422 | D:4      | Reached skill level 1 in Shields
  3535 | D:4      | Noticed an air elemental
  3536 | D:4      | Noticed a fire elemental
  3699 | D:5      | Entered Level 5 of the Dungeon
  3858 | D:5      | Reached skill level 6 in Long Blades
  3866 | D:5      | Reached XP level 8. HP: 63/71 MP: 8/8
  3933 | D:5      | Found a radiant altar of Vehumet.
  3978 | D:5      | Noticed Dowan
  3988 | D:5      | Killed Dowan
  3994 | D:5      | Noticed Duvessa
  3999 | D:5      | Killed Duvessa
  4254 | D:5      | Found a glowing drain.
  4264 | Sewer    | Entered a sewer
  4403 | Sewer    | Reached **** piety under Beogh
  4551 | Sewer    | Reached skill level 7 in Long Blades
  5501 | D:6      | Reached skill level 8 in Long Blades
  5964 | D:6      | Reached XP level 9. HP: 64/81 MP: 7/9
  6591 | D:6      | You fall into a shaft and drop 3 floors!
  6618 | D:9      | Reached skill level 9 in Long Blades
  7000 | D:9      | Noticed Psyche
  7013 | D:9      | Killed Psyche
  7225 | D:9      | Noticed a kobold demonologist
  7226 | D:9      | Noticed a rust devil
  7235 | D:9      | Killed a kobold demonologist
  7236 | D:9      | Reached skill level 10 in Long Blades
  7543 | D:8      | Reached skill level 11 in Long Blades
  7543 | D:8      | Reached XP level 10. HP: 72/91 MP: 11/11
  7556 | D:8      | Reached ***** piety under Beogh
  7566 | D:8      | Reached skill level 10 in Fighting
  7948 | D:8      | Reached skill level 12 in Long Blades
  7997 | D:7      | Found Rauzuj's Antique Weapon Boutique.
  8003 | D:7      | Found Omequt's Armour Emporium.
  8261 | Temple   | Upgraded the game from 0.29-a0-418-gc0181ea820 to
                  | 0.29-a0-422-gafbd6decc1
  8516 | D:7      | Found Gigav's Assorted Antiques.
  8588 | D:7      | Noticed Maggie
  8594 | D:7      | Killed Maggie
  8987 | D:7      | Found Rojuo's Distillery.
  8996 | D:7      | Found Byughib's Armour Shoppe.
  9570 | D:7      | Noticed Pikel
  9575 | D:7      | Killed Pikel
  9901 | D:8      | Reached skill level 13 in Long Blades
  9957 | D:8      | Reached XP level 11. HP: 102/102 MP: 13/13
 10471 | D:9      | Found a staircase to the Lair.
 10477 | D:9      | Noticed a two-headed ogre
 10486 | D:9      | Killed a two-headed ogre
 10500 | D:9      | Noticed a two-headed ogre
 10510 | D:9      | Killed a two-headed ogre
 10947 | D:9      | Reached skill level 5 in Invocations
 10991 | D:9      | Noticed an orange crystal statue
 11434 | D:9      | Killed an orange crystal statue
 11435 | D:9      | Reached skill level 14 in Long Blades
 11481 | D:9      | Identified the ring "Hilonu" {rF+ EV+4}
 11559 | Lair:1   | Entered Level 1 of the Lair of Beasts
 11990 | Lair:1   | Noticed an eight-headed hydra
 12007 | Lair:1   | HP: 1/105 [eight-headed hydra (6)]
 12007 | Lair:1   | Mangled by an eight-headed hydra

Illustrated notes

Levels and vault maps discovered:
D:1:      tarquinn_simple_flora_water_c, layout_basic,
          ebering_ecumenical_altar_petrified, hex_tiny
D:2:      layout_basic, minmay_nonomino_d4, uniq_robin, uniq_terence
D:3:      layout_basic, kennysheep_generic_room_8, uniq_jessica, uniq_grinder
D:4:      layout_basic, nicolae_qazlal_style_of_elements,
          minmay_temple_entry_mini_moons, chequers_serial_rivers_micro_a,
          hex_large
D:5:      layout_loops_ring, vehumet_statue, gup_sewer_entry_spiral,
          uniq_duvessa
D:6:      wad_pebble_path, layout_basic, serial_corexii_hall,
          corexii_hall_statues_deadend, chequers_hall_statues_corner_a
D:7:      layout_loops_corners, serial_shops, nicolae_inconvenience_store,
          nicolae_shop_waterfront, nicolae_shop_hallway_plus, shop,
          nicolae_shop_behind_doors, uniq_pikel, uniq_maggie
D:8:      layout_basic
D:9:      layout_roguey, lair_entry_dummy, serial_ice, serial_ice_l,
          serial_ice_d, serial_ice_e, serial_ice_f, serial_ice_b, serial_ice_g,
          serial_ice_a, serial_ice_h, minmay_variable_closet, disabler_island,
          uniq_psyche
Temple:   mainiacjoe_temple_big_plus
Lair:1:   minmay_guarded_unrand_snakebite, layout_misc_corridors, basic_altar,
          infiniplex_staircase_pool

Skill      XL: |  1  2  3  4  5  6  7  8  9 10 11 |
---------------+----------------------------------+-----
Fighting       | 4 5 6 7 9 11 12 | 12.3
Axes           | 5 |  5.4
Long Blades    | 1 4 6 8 11 13 14 | 14.0
Dodging        | 3 |  3.0
Invocations    | 1 2 3 5 |  5.0
Armour         | 1 2 |  2.6
Shields        | 2 4 |  4.0
Stealth        | |  1.5

Action                   |  1- 3 |  4- 6 |  7- 9 | 10-12 || total
-------------------------+-------+-------+-------+-------++-------
Melee: Hand axe          |    60 |     2 |       |       ||    62
       Punch             |     1 |       |       |       ||     1
       Long sword        |       |    86 |   244 |   172 ||   502
       Flail             |       |       |       |     6 ||     6
Throw: Dart              |     1 |       |       |       ||     1
Invok: Convert to Beogh  |     1 |       |       |       ||     1
       Smiting           |     1 |       |       |     1 ||     2
       Recall Orcish Fol |       |       |     2 |     2 ||     4
Evoke: Wand              |       |       |       |     7 ||     7
  Use: Potion            |     1 |       |     3 |     1 ||     5
       Scroll            |       |       |       |    11 ||    11
 Stab: Sleeping          |     3 |       |       |       ||     3
       Distracted        |       |       |       |     1 ||     1
Armor: Robe              |     8 |       |       |       ||     8
       Chain mail        |     2 |    48 |   139 |    11 ||   200
       Ring mail         |       |       |       |    32 ||    32
Dodge: Dodged            |    26 |    38 |    86 |    76 ||   226
Block: Buckler           |       |       |    58 |    32 ||    90

Table legend: (Time is in decaauts)
 A = Elapsed time spent in this place.
 B = Non-inter-level travel time spent in this place.
 C = Inter-level travel time spent in this place.
 D = Time resting spent in this place.
 E = Time spent auto-exploring this place.
 F = Levels seen in this place.
 G = Mean time per level.
                   A        B        C        D        E       F      G
               +--------+--------+--------+--------+--------+-----+--------+
         Total |  12203 |  10993 |   1210 |   2121 |   5101 |  12 | 1016.9 |
       Dungeon |  11036 |   9827 |   1209 |   2121 |   4765 |   9 | 1226.2 |
        Temple |     43 |     43 |      0 |      0 |      0 |   1 |   43.0 |
          Lair |    443 |    443 |      0 |      0 |    336 |   1 |  443.0 |
         Sewer |    680 |    680 |      0 |      0 |      0 |   1 |  680.0 |
               +--------+--------+--------+--------+--------+-----+--------+

Top non-repeatable levels by time:
     D:9: 1844 daAuts
     D:6: 1596 daAuts
     D:7: 1300 daAuts
     D:1: 1211 daAuts
     D:8: 1191 daAuts
     D:5: 1154 daAuts
     D:4: 1048 daAuts
     D:2: 949 daAuts
     D:3: 740 daAuts
   Sewer: 680 daAuts
  Lair:1: 443 daAuts
  Temple: 43 daAuts
